 Dungeon Crawl Stone Soup version 0.21-a0-513-gdcb3f5e (webtiles) character file.

8008 Gerstahl the Fighter (level 11, -2/92 HPs)
             Began as a Demonspawn Gladiator on Dec 1, 2017.
             Was a High Priest of Okawaru.
             Slain by a catoblepas (25 damage)
             ... on level 10 of the Dungeon.
             The game lasted 00:28:16 (10183 turns).

Gerstahl the Fighter (Demonspawn Gladiator)        Turns: 10183, Time: 00:28:17

Health: -2/92      AC: 10    Str: 15 (16) XL:     11   Next: 4%
Magic:  11/11      EV: 18    Int: 13 (14) God:    Okawaru [*****.]
Gold:   729        SH:  0    Dex: 21 (22) Spells: 8/10 levels left

rFire    + . .     SeeInvis .   L - +2 rapier of Inference {venom, rElec}
rCold    . . .     Gourm    .   (no shield)
rNeg     . . .     Faith    .   e - +1 ring mail {rF+}
rPois    +         Spirit   .   c - +0 helmet
rElec    +         Reflect  .   (no cloak)
rCorr    .         Harm     .   G - +0 pair of gloves
MR       .....     Clarity  +   (no boots)
Stlth    +.........             E - amulet of rage
HPRegen  0.25/turn              y - +2 ring of evasion
MPRegen  0.12/turn              u - ring of Equilibrium {rPois Int+5 Dex+3}

@: no status effects
A: hooves 2, rugged brown scales 1, agile 1, blurry vision 1, clarity,
deterioration 1, sense surroundings 2, powered by death 2, spiny 1
a: Heroism, Finesse, Renounce Religion, Evoke Berserk Rage


You were on level 10 of the Dungeon.
You worshipped Okawaru.
Okawaru was extremely pleased with you.
You were not hungry.

You visited 2 branches of the dungeon, and saw 11 of its levels.
You also visited: Sewer and Ossuary.

You collected 729 gold pieces.

Inventory:

Hand Weapons
 L - the +2 rapier of Inference (weapon) {venom, rElec}
   (You took it off a crimson imp on level 10 of the Dungeon)

   It poisons the flesh of those it strikes.
   It insulates you from electricity.
Missiles
 A - a throwing net (quivered)
Armour
 c - a +0 helmet (worn)
 e - a +1 ring mail of fire resistance (worn)
 G - a +0 pair of gloves (worn)
Jewellery
 u - the ring of Equilibrium (right hand) {rPois Int+5 Dex+3}
   (You found it on level 7 of the Dungeon)

   [ring of intelligence]

   It affects your intelligence (+5).
   It affects your dexterity (+3).
   It protects you from poison.
 x - an uncursed ring of protection from cold
 y - a +2 ring of evasion (left hand)
 E - an amulet of rage (around neck)
 N - a cursed amulet of inaccuracy {unknown}
 O - the amulet of the Manifold Ships {Inacc rPois SInv, unknown}
   (You found it on level 10 of the Dungeon)

   [amulet of inaccuracy]

   It reduces the accuracy of all your attacks.
   It protects you from poison.
   It lets you see invisible.
Wands
 b - a wand of random effects (25)
 d - a wand of enslavement (4)
 q - a wand of scattershot (5)
 B - a wand of paralysis (25)
 D - a wand of flame (39)
 F - a wand of polymorph (7)
 H - a wand of digging (17)
Scrolls
 g - 6 scrolls of identify
 i - 8 scrolls of teleportation
 k - 6 scrolls of remove curse
 m - 4 scrolls of enchant armour
 w - a scroll of amnesia {unknown}
 C - a scroll of noise {unknown}
 J - a scroll of magic mapping {unknown}
Potions
 a - a potion of agility {unknown}
 h - 3 potions of flight
 n - 2 potions of mutation {unknown}
 p - a potion of cancellation {unknown}
 r - a potion of berserk rage {unknown}
 t - 3 potions of brilliance
 v - 2 potions of haste {unknown}
 z - 2 potions of ambrosia {unknown}
 K - a potion of heal wounds
 Q - a potion of experience {unknown}
Books
 M - a Necronomicon

   Spells                             Type                      Level
   a - Haunt                          Necromancy/Summoning         7
   b - Borgnjor's Revivification      Necromancy                   8
   c - Death's Door                   Charms/Necromancy            8
   d - Infestation                    Necromancy                   8
   e - Necromutation                  Transmutation/Necromancy     8
Miscellaneous
 S - a phantom mirror
Comestibles
 f - 8 bread rations
 j - 2 fruits
 l - 4 meat rations
 o - 2 royal jellies


   Skills:
 + Level 10.1 Fighting
 + Level 9.5 Short Blades
 - Level 1.7 Throwing
 + Level 6.2 Armour
 + Level 6.9 Dodging


You had 8 spell levels left.
You knew the following spells:

 Your Spells              Type           Power        Failure   Level  Hunger
a - Swiftness             Chrm/Air       #.......     63%         2    ###....


Dungeon Overview and Level Annotations

Branches:
Dungeon (10/15)            Temple (1/1) D:4             Orc (0/2) D:10
   Lair: D:8-11

Altars:
Ashenzari
Cheibriados
Dithmenos
Elyvilon
Fedhas
Makhleb
Nemelex Xobeh
Okawaru
Qazlal
Ru
Sif Muna
Trog
Uskayaw
Vehumet
Wu Jian
Xom
The Shining One

Shops:
D:6 [   D:10 (

Annotations:
D:8 Psyche


Innate Abilities, Weirdness & Mutations

You have hoof-like feet.
You are partially covered in rugged brown scales. (AC +1, +3% HP)
You regenerate health from kills.
You are partially covered in sharp spines.
You are agile. (Dex +2)
Scrolls take you a little longer to read.
You possess an exceptional clarity of mind.
Your body sometimes deteriorates upon taking damage.
You passively map the area around you.


Message History

The blast of calcifying dust hits you!
The catoblepas is struck by your spines.
The catoblepas gores you!!
* * * LOW HITPOINT WARNING * * *
Your body deteriorates!
You feel dopey.
You hit the catoblepas.
The catoblepas looks as sick as possible!
You kick the catoblepas, but do no damage.
The catoblepas is heavily wounded.
The catoblepas is struck by your spines.
The catoblepas barely misses you.
You completely miss the catoblepas.
You kick the catoblepas, but do no damage.
The catoblepas is severely wounded.
You hit the catoblepas but do no damage.
The catoblepas looks as sick as possible!
Your kick misses the catoblepas.
The catoblepas is severely wounded.
The catoblepas gores you!!
You die...

.# #.#..###...........# .#
#...#.(###.........# ##
#.#...#..###.......####
#...#...#.............# ##
#.#...#..###........### .#
#...#..###..........# .#
#.#..###............#
.###..###.(......Y..§..#
##..###.........@§.....#
#..##............§.....#
.###.............§.....#
###..............§.....#
..........##########...#
..........#........#...#
..........#........#...#
..##'##...#........#...#
..#...#...#........#.Y.######


You could see a catoblepas.

Vanquished Creatures
  A centaur warrior (D:10)
  Erica (D:8)
  2 unseen horrors (D:10)
  A komodo dragon (D:10)
  A meliai (D:10)
  Prince Ribbit (D:7)
  Grinder (D:4)
  2 hippogriffs (D:10)
  A meliai zombie (D:10)
  A yak (D:10)
  A wyvern (D:10)
  A hungry ghost (D:10)
  2 basilisks (D:10)
  Menkaure (D:7)
  2 steam dragons (D:10)
  3 sky beasts (D:10)
  An orc warrior (D:10)
  2 ice beasts (D:5)
  2 phantoms
  A necrophage (D:10)
  3 ogres
  2 centaurs (D:10)
  2 big kobolds
  2 bullfrogs
  3 scorpions
  5 killer bees (D:8)
  3 crimson imps
  2 jellies
  2 quasits (D:10)
  2 bullfrog zombies
  4 centaur skeletons
  An orc priest (D:10)
  2 bullfrog skeletons (D:8)
  A gnoll shaman (D:4)
  6 hounds
  2 iguanas
  Jessica (D:2)
  Ijyb (D:4)
  6 worker ants
  Natasha (D:4)
  8 orc wizards
  A killer bee zombie (D:6)
  A big kobold zombie (Ossuary)
  A hound zombie (D:5)
  2 mummies (Ossuary)
  2 howler monkey zombies
  7 gnolls
  7 adders
  A shadow imp (D:7)
  An ooze (D:4)
  An adder zombie (D:3)
  8 worms
  A dart slug (D:1)
  2 leopard geckos
  21 orcs
  4 ball pythons (D:5)
  5 giant cockroaches
  2 gnoll zombies (Ossuary)
  7 goblins
  5 hobgoblins
  15 jackals
  12 kobolds
  2 quokkas
  12 bats
  2 frilled lizards
  5 goblin zombies (Ossuary)
  5 hobgoblin zombies (Ossuary)
  A leopard gecko skeleton (D:5)
  An orc zombie (Ossuary)
  10 rats
231 creatures vanquished.

Notes
Turn   | Place    | Note
-------+----------+-------------------------------------------
     0 | D:1      | Gerstahl the Demonspawn Gladiator began the quest for the Orb.
     0 | D:1      | Reached XP level 1. HP: 16/16 MP: 1/1
   248 | D:1      | Gained mutation: You have large cloven feet. [demonic ancestry]
   248 | D:1      | Reached XP level 2. HP: 22/23 MP: 2/2
   956 | D:2      | Found a shadowy altar of Dithmenos.
   956 | D:2      | Found a hide-covered altar of Uskayaw.
   978 | D:2      | Gained mutation: You are partially covered in rugged brown scales. (AC +1, +3% HP) [demonic ancestry]
   978 | D:2      | Reached XP level 3. HP: 23/28 MP: 3/3
  1096 | D:2      | Noticed Jessica
  1108 | D:2      | Reached skill level 3 in Fighting
  1112 | D:2      | Killed Jessica
  1309 | D:2      | Gained mutation: You regenerate a little health from kills. [demonic ancestry]
  1309 | D:2      | Reached XP level 4. HP: 36/36 MP: 4/4
  1789 | D:3      | Found a deep blue altar of Sif Muna.
  1980 | D:3      | Found a shimmering altar of Xom.
  2053 | D:3      | Found a shattered altar of Ashenzari.
  2236 | D:3      | Reached XP level 5. HP: 38/43 MP: 5/5
  2253 | D:3      | Reached skill level 4 in Fighting
  2722 | D:4      | Found a staircase to the Ecumenical Temple.
  2727 | Temple   | Entered the Ecumenical Temple
  2845 | Temple   | Became a worshipper of Warmaster Okawaru
  2882 | D:4      | Noticed a phantom
  2949 | D:4      | Killed a phantom
  2949 | D:4      | Reached XP level 6. HP: 34/50 MP: 6/6
  3252 | D:4      | Noticed Grinder
  3253 | D:4      | Paralysed by Grinder for 6 turns
  3263 | D:4      | Paralysed by Grinder for 4 turns
  3306 | D:4      | Paralysed by Grinder for 2 turns
  3324 | D:4      | Killed Grinder
  3324 | D:4      | Reached * piety under Okawaru
  3324 | D:4      | Reached skill level 5 in Fighting
  3324 | D:4      | Reached skill level 5 in Short Blades
  3324 | D:4      | Gained mutation: You have hoof-like feet. [demonic ancestry]
  3324 | D:4      | Reached XP level 7. HP: 17/57 MP: 7/7
  3617 | D:4      | Noticed Natasha
  3646 | D:4      | Killed Natasha
  3664 | D:4      | Noticed Ijyb
  3700 | D:4      | Killed Ijyb
  3764 | D:4      | Reached skill level 6 in Fighting
  3846 | D:4      | Reached ** piety under Okawaru
  3964 | D:4      | Noticed a hungry ghost
  4060 | D:5      | Entered Level 5 of the Dungeon
  4167 | D:5      | Found a glowing drain.
  4188 | Sewer    | Entered a sewer
  4334 | Sewer    | Found a glowing silver altar of Zin.
  4429 | D:5      | Gained mutation: You regenerate health from kills. [demonic ancestry]
  4429 | D:5      | Reached XP level 8. HP: 57/66 MP: 8/8
  4648 | D:5      | Noticed Prince Ribbit
  4841 | D:5      | Reached skill level 7 in Fighting
  5443 | D:6      | Reached *** piety under Okawaru
  5445 | D:6      | Found Ywaanted's Antique Armour Shoppe.
  5459 | D:6      | Reached skill level 1 in Armour
  5798 | D:6      | Found a snail-covered altar of Cheibriados.
  5933 | D:6      | Found a glowing golden altar of the Shining One.
  6206 | D:7      | Killed Prince Ribbit
  6407 | D:7      | Found a stormy altar of Qazlal.
  6546 | D:7      | Noticed Menkaure
  6554 | D:7      | Killed Menkaure
  6554 | D:7      | Reached skill level 8 in Fighting
  6664 | D:7      | Found a sand-covered staircase.
  6669 | Ossuary  | Entered an ossuary
  6765 | Ossuary  | Reached XP level 9. HP: 76/76 MP: 9/9
  7162 | D:7      | Got a warped brass ring
  7394 | D:8      | Reached **** piety under Okawaru
  7402 | D:8      | Noticed Erica
  7408 | D:8      | Found a burning altar of Makhleb.
  7410 | D:8      | Received a gift from Okawaru
  7426 | D:8      | Identified the ring of Equilibrium {rPois Int+5 Dex+3} (You found it on level 7 of the Dungeon)
  7473 | D:8      | Learned a level 2 spell: Swiftness
  7633 | D:8      | Noticed Psyche
  7740 | D:8      | Noticed a two-headed ogre
  7950 | D:8      | Killed Erica
  8191 | D:8      | Reached skill level 5 in Dodging
  8310 | D:9      | Noticed a death yak
  8311 | D:9      | Noticed a death yak
  8424 | D:10     | Entered Level 10 of the Dungeon
  8557 | D:10     | Reached skill level 9 in Fighting
  8830 | D:10     | Noticed a komodo dragon
  8845 | D:10     | Killed a komodo dragon
  8845 | D:10     | Gained mutation: You are partially covered in sharp spines. [demonic ancestry]
  8845 | D:10     | Reached XP level 10. HP: 55/85 MP: 10/10
  8858 | D:10     | Found a staircase to the Orcish Mines.
  8971 | D:10     | Found Eruannef's Antique Weapon Boutique.
  9167 | D:10     | Reached skill level 5 in Armour
  9263 | D:10     | Noticed a centaur warrior
  9268 | D:10     | Reached ***** piety under Okawaru
  9283 | D:10     | Killed a centaur warrior
  9305 | D:10     | Killed an unseen horror
  9322 | D:10     | Reached skill level 10 in Fighting
  9334 | D:10     | Got a shimmering rapier {venom}
  9339 | D:10     | Identified the +2 rapier of Inference {venom, rElec} (You took it off a crimson imp on level 10 of the Dungeon)
  9349 | D:10     | Gained mutation: Scrolls take you a little longer to read. [mutagenic meat]
  9350 | D:10     | Gained mutation: Your body sometimes deteriorates upon taking damage. [mutagenic meat]
  9351 | D:10     | Gained mutation: You are agile. (Dex +2) [mutagenic meat]
  9352 | D:10     | Gained mutation: You possess an exceptional clarity of mind. [mutagenic meat]
  9353 | D:10     | Gained mutation: You passively map a small area around you. [mutagenic meat]
  9354 | D:10     | Gained mutation: You passively map the area around you. [mutagenic meat]
  9387 | D:10     | Got a scorched lead amulet
  9390 | D:10     | Noticed a two-headed ogre
  9406 | D:10     | Noticed a catoblepas
  9408 | D:10     | Received a gift from Okawaru
  9432 | D:10     | HP: 4/87 [catoblepas (25)]
  9861 | D:10     | Killed an unseen horror
  9861 | D:10     | Reached XP level 11. HP: 63/92 MP: 11/11
 10183 | D:10     | Slain by a catoblepas

Vault maps used:
D:1:      evilmike_arrival_crescent, minmay_pentomino_t4
D:2:      chequers_temple_overflow_statue_of_worship, uniq_jessica
D:3:      evilmike_ruin_ashenzari, xom_teletrap_fun,
          nicolae_overflow_crystal_walls
D:4:      minmay_temple_entry_butterflies, serial_glass, glass_columns_c,
          glass_columns_a, minmay_strange_pillars, due_unseen_surprise,
          minmay_strange_pillars, first_bread, corexii_corridor_pit,
          uniq_grinder, uniq_natasha, uniq_ijyb
D:5:      cheibrodos_sewer_entry_sluice, minmay_holes, uniq_prince_ribbit1
D:6:      marbit_many_paths, serial_shops, shop, cheibrodos_worm_habitat
D:7:      enter_ossuary_2, grunt_qazlal_clouds, uniq_menkaure
D:8:      makhleb_heckhound_becter, uniq_erica, uniq_psyche
D:9:      grunt_temple_overflow_gold_and_silver, dpeg_lair_monsters,
          hangedman_fish_farm
D:10:     minmay_the_grid_triangle_9x9_recursive_2, serial_shops, shop
Temple:   nicolae_temple_figure_eight
Sewer:    sewer_kobolds
Ossuary:  minmay_ossuary_gauntlet

Skill      XL: |  1  2  3  4  5  6  7  8  9 10 |
---------------+-------------------------------+-----
Short Blades   | 3 4 5 6 7 8 9 |  9.5
Fighting       | 3 4 5 6 8 9 10 | 10.1
Dodging        | 3 5 6 |  6.9
Armour         | 2 4 6 |  6.2
Throwing       | |  1.7

Action                   |  1- 3 |  4- 6 |  7- 9 | 10-12 || total
-------------------------+-------+-------+-------+-------++-------
Melee: Rapier            |    96 |   162 |   172 |    21 ||   451
       Kick              |    17 |    49 |   168 |    62 ||   296
       Dagger            |       |       |   354 |   121 ||   475
Throw: Throwing net      |       |     6 |     1 |       ||     7
Invok: Heroism           |       |       |       |     1 ||     1
Evoke: Wand              |       |       |     1 |       ||     1
  Use: Potion            |       |       |     7 |     1 ||     8
       Scroll            |       |       |     6 |     1 ||     7
 Stab: Petrifying        |       |       |       |     1 ||     1
       Petrified         |       |       |       |     1 ||     1
  Eat: Chunk             |     1 |     6 |    15 |    11 ||    33
       Fruit             |       |       |     3 |       ||     3
       Royal jelly       |       |       |     3 |       ||     3
Armor: Ring mail         |    31 |    44 |   130 |    53 ||   258
       Skin              |       |       |       |     1 ||     1
Dodge: Dodged            |    54 |    71 |   233 |    88 ||   446

Table legend:
 A = Spawn XP
 B = Non-spawn XP
 C = Spawn XP percentage of total XP
 D = Spawn monster count
 E = Non-spawn monster count
 F = Spawn count percentage of total count
 G = Total turns spent on level
                    A         B        C        D         E        F      G
               +---------+---------+-------+---------+---------+-------+---------
         Total |       0 |   11440 |   0.0 |       0 |     231 |   0.0 | 10183
               +---------+---------+-------+---------+---------+-------+---------
           D:1 |       0 |      39 |   0.0 |       0 |      22 |   0.0 |   953
           D:2 |       0 |      75 |   0.0 |       0 |      15 |   0.0 |   568
           D:3 |       0 |     142 |   0.0 |       0 |      20 |   0.0 |  1392
           D:4 |       0 |     855 |   0.0 |       0 |      24 |   0.0 |   998
           D:5 |       0 |     639 |   0.0 |       0 |      31 |   0.0 |  1148
           D:6 |       0 |     447 |   0.0 |       0 |      17 |   0.0 |   746
           D:7 |       0 |     529 |   0.0 |       0 |       9 |   0.0 |  1019
           D:8 |       0 |    1776 |   0.0 |       0 |      20 |   0.0 |   958
           D:9 |       0 |     153 |   0.0 |       0 |       3 |   0.0 |    74
          D:10 |       0 |    6592 |   0.0 |       0 |      44 |   0.0 |  1759
         Sewer |       0 |     113 |   0.0 |       0 |      10 |   0.0 |   190
       Ossuary |       0 |      80 |   0.0 |       0 |      16 |   0.0 |   229
               +---------+---------+-------+---------+---------+-------+---------
